 Dungeon Crawl Stone Soup version 0.20.1-1-g8b1a95d (webtiles) character file.

1822 Jazqa the Grappler (level 8, -4/87 HPs)
             Began as a Troll Monk on Oct 30, 2017.
             Was a Believer of Cheibriados.
             Slain by a two-headed ogre
             ... wielding a +0 giant club
              (19 damage)
             ... on level 6 of the Dungeon.
             The game lasted 00:05:43 (5043 turns).

Jazqa the Grappler (Troll Monk)                     Turns: 5043, Time: 00:05:44

Health: -4/87      AC:  6    Str: 28    XL:     8   Next: 85%
Magic:  7/7        EV: 11    Int: 12    God:    Cheibriados [**....]
Gold:   276        SH:  0    Dex: 18    Spells: 7/7 levels left

rFire    . . .     SeeInvis .     - Unarmed
rCold    . . .     Gourm    +   (no shield)
rNeg     + . .     Faith    .   a - +1 robe
rPois    .         Spirit   .   (helmet restricted)
rElec    .         Reflect  .   (no cloak)
rCorr    .         Harm     .   (gloves unavailable)
MR       .....                  (boots unavailable)
Stlth    ++........             (no amulet)
Regen    0.7/turn               N - ring of positive energy
MPRegen  0.1/turn               (no ring)

@: very slow
A: unfitting armour, claws 3, fast metabolism 3, gourmand, regeneration 1,
shaggy fur 1, tough skin 2
a: Bend Time, Renounce Religion


You were on level 6 of the Dungeon.
You worshipped Cheibriados.
Cheibriados was pleased with you.
You were completely stuffed.

You visited 2 branches of the dungeon, and saw 7 of its levels.

You collected 276 gold pieces.


Innate Abilities, Weirdness & Mutations

You are too large for most types of armour.
You have claws for hands.
Your metabolism is lightning-fast.
You like to eat raw meat.
Your natural rate of healing is unusually fast.
You are covered in fur. (AC +1)
You have very tough skin. (AC +2)


   Skills:
 + Level 7.2 Fighting
 - Level 2.4 Dodging
 - Level 1.0 Stealth
 + Level 8.7 Unarmed Combat


You had 7 spell levels left.
You didn't know any spells.

Inventory:

Armour
 a - a +1 robe (worn)
Jewellery
 N - a ring of positive energy (left claw)
Wands
 c - a wand of iceblast (8/15)
 d - a wand of lightning (6/15)
 u - a wand of confusion (20/48)
 x - a wand of confusion (32/48)
Scrolls
 h - a scroll of identify {@r1}
 q - a scroll of magic mapping
 s - a scroll of teleportation {@r4}
 t - 2 scrolls of fear {unknown}
 v - a scroll of random uselessness {unknown}
Potions
 e - 7 potions of curing {@q1}
 g - a potion of heal wounds {@q2}
 j - 2 potions of mutation {!q}
 l - 6 potions of brilliance
 m - 5 potions of agility
 n - 2 potions of lignification {!q}
Books
 r - a book of Cantrips

   Spells                             Type                      Level
   a - Confusing Touch                Hexes                        1
   b - Animate Skeleton               Necromancy                   1
   c - Summon Small Mammal            Summoning                    1
   d - Apportation                    Translocation                1
Comestibles
 b - 5 bread rations {@e1}
 i - 3 royal jellies {@e3}
 o - 6 fruits {@e2}
 p - 4 meat rations {@e1}
 w - 6 chunks of flesh

Dungeon Overview and Level Annotations

Branches:
Dungeon (6/15)             Temple (1/1) D:6

Altars:
Cheibriados
Elyvilon
Fedhas
Gozag
Qazlal
Sif Muna
Trog
Vehumet
Xom
Yredelemnul
The Shining One

.# #.# ▒......▒..▒......▒
.# #.# ▒......▒..▒......▒
######>#
▒..▒▒▒▒▒..▒▒▒▒▒..▒
.......#
▒......▒..▒......▒
.#######
▒......▒..▒......▒ ##
▒▒▒▒▒..▒..▒..▒▒▒▒▒
▒".?▒..▒..▒..▒.).▒
▒$lO▒..▒..▒..▒)8.▒
▒%.@'..▒..▒..'...▒
######▒▒▒▒▒▒▒▒..▒▒▒▒▒▒▒▒
#...........##..####.#####
#.############...........#
#######.# ####..#.#.#.#
#.......# #######
#..#.#.#.# ##.####..#
#.....# #..#...#.#
.....##..######.....#
#........#
...(..#..##.........#
#...###..#


You could see a two-headed ogre and a wyvern.


Message History

The two-headed ogre moves out of view.
Found a scroll of remove curse and a bread ration.
A wyvern comes into view.
The two-headed ogre hits you with a giant club!!
The two-headed ogre hits you with a giant club.
The wyvern hisses angrily.
Found five items.
There is an open door, spattered with blood here.
There are monsters nearby!
Unknown command.
The two-headed ogre hits you with a giant club.
The two-headed ogre hits you with a giant club!
* * * LOW HITPOINT WARNING * * *
The wyvern bites you.
* * * LOW HITPOINT WARNING * * *
The wyvern barely misses you.
You see here a scroll of remove curse {@r2}.
Unknown command.
You feel much better. The two-headed ogre barely misses you.
The two-headed ogre hits you with a giant club!
* * * LOW HITPOINT WARNING * * *
The wyvern misses you.
You mangle the two-headed ogre!!
The two-headed ogre is moderately wounded.
The wyvern bites you.
* * * LOW HITPOINT WARNING * * *
The two-headed ogre hits you with a giant club!
* * * LOW HITPOINT WARNING * * *
The two-headed ogre hits you with a giant club!!
You die...

Skill      XL: |  1  2  3  4  5  6  7  8 |
---------------+-------------------------+-----
Fighting       | 3 4 5 6 7 |  7.2
Unarmed Combat | 4 5 6 7 8 |  8.7
Dodging        | |  2.4
Stealth        | |  1.0

Action                   |  1- 3 |  4- 6 |  7- 9 || total
-------------------------+-------+-------+-------++-------
Melee: Unarmed           |    81 |   161 |   122 ||   364
       Punch             |     2 |     2 |     5 ||     9
  Use: Scroll            |       |    12 |     3 ||    15
       Potion            |       |     1 |     1 ||     2
 Stab: Sleeping          |     1 |     3 |     1 ||     5
  Eat: Chunk             |    15 |    21 |    14 ||    50
Armor: Robe              |    14 |    58 |    23 ||    95
Dodge: Dodged            |    29 |    67 |    44 ||   140

Vault maps used:
D:1:      minmay_arrival_wavy_path
D:2:      first_bread, trog_three_pillars_becter
D:3:      gammafunk_temple_overflow_elements, minivault_5, elyvilon_altar_4
D:5:      minitemple, kennysheep_small_spiral
D:6:      kennysheep_windowed_halls, minmay_temple_entry_statues_fountains
Temple:   regret_index_temple_waves

Notes
Turn   | Place    | Note
-------+----------+-------------------------------------------
     0 | D:1      | Jazqa the Troll Monk began the quest for the Orb.
     0 | D:1      | Reached XP level 1. HP: 22/22 MP: 0/0
   198 | D:1      | Reached XP level 2. HP: 28/29 MP: 1/1
   741 | D:2      | Reached skill level 3 in Fighting
   750 | D:2      | Reached XP level 3. HP: 37/37 MP: 2/2
   992 | D:2      | Reached XP level 4. HP: 45/45 MP: 3/3
   995 | D:2      | Reached skill level 4 in Unarmed Combat
  1115 | D:2      | Found a bloodstained altar of Trog.
  1541 | D:3      | Noticed Ymberto's ghost (amateur DECj)
  1550 | D:3      | Killed Ymberto's ghost
  1550 | D:3      | Reached skill level 4 in Fighting
  1550 | D:3      | Reached XP level 5. HP: 35/54 MP: 4/4
  1665 | D:3      | Reached skill level 5 in Unarmed Combat
  2078 | D:3      | Found a blossoming altar of Fedhas.
  2078 | D:3      | Found a deep blue altar of Sif Muna.
  2180 | D:3      | Found a white marble altar of Elyvilon.
  2583 | D:4      | Reached XP level 6. HP: 52/62 MP: 5/5
  3062 | D:5      | Entered Level 5 of the Dungeon
  3473 | D:5      | Noticed an ice beast
  3480 | D:5      | Killed an ice beast
  3480 | D:5      | Reached skill level 5 in Fighting
  3480 | D:5      | Reached skill level 6 in Unarmed Combat
  3480 | D:5      | Reached XP level 7. HP: 56/72 MP: 6/6
  4005 | D:5      | Found an opulent altar of Gozag.
  4006 | D:5      | Found a radiant altar of Vehumet.
  4070 | D:6      | Reached skill level 7 in Unarmed Combat
  4450 | D:6      | Reached skill level 6 in Fighting
  4450 | D:6      | Reached XP level 8. HP: 80/81 MP: 7/7
  4576 | D:6      | Found a staircase to the Ecumenical Temple.
  4604 | Temple   | Entered the Ecumenical Temple
  4629 | Temple   | Became a worshipper of Cheibriados the Contemplative
  4629 | Temple   | Reached * piety under Cheibriados
  4629 | Temple   | Reached ** piety under Cheibriados
  4904 | D:6      | Reached skill level 8 in Unarmed Combat
  4927 | D:6      | Reached skill level 7 in Fighting
  5039 | D:6      | Noticed a two-headed ogre
  5043 | D:6      | Slain by a two-headed ogre

Vanquished Creatures
  An ice beast (D:5)
  A sky beast (D:5)
  An ogre (D:6)
  A necrophage (D:5)
  2 centaurs (D:6)
  The ghost of Ymberto the Conjurer, an amateur DECj (D:3)
  4 bullfrogs (D:6)
  2 scorpions (D:6)
  2 howler monkeys
  6 crimson imps
  A jelly (D:5)
  An orc priest (D:6)
  A bullfrog skeleton (D:6)
  2 iguanas (D:4)
  2 orc wizards
  5 worker ants
  A killer bee zombie (D:6)
  7 gnolls
  9 adders
  A shadow imp (D:6)
  2 oozes
  An adder skeleton (D:5)
  4 worms
  7 leopard geckos
  6 orcs
  7 bats
  5 giant cockroaches
  12 goblins
  8 hobgoblins
  4 kobolds
  2 quokkas (D:2)
  3 ball pythons (D:3)
  4 frilled lizards
  A leopard gecko skeleton (D:6)
  7 rats
124 creatures vanquished.
